 Dungeon Crawl Stone Soup version 0.19.4-9-g45fd643 (console) character file.

121 Grinner the Ducker (level 4, -2/39 HPs)
             Began as a Minotaur Monk on Feb 21, 2017.
             Slain by an ogre
             ... wielding a +0 giant club
              (24 damage)
             ... on level 3 of the Dungeon.
             The game lasted 00:04:27 (2707 turns).

Grinner the Ducker (Minotaur Monk)                  Turns: 2707, Time: 00:04:28

Health: -2/39      AC:  2    Str: 16    XL:     4   Next: 77%
Magic:  3/3        EV: 14    Int:  7    God:
Gold:   152        SH:  0    Dex: 13    Spells: 0 memorised, 3 levels left

rFire  . . .     SeeInvis .     a - +1 long sword (pain)
rCold  . . .     Gourm    .     b - +0 robe
rNeg   . . .     Faith    .     (no shield)
rPois  .         Spirit   .     (helmet restricted)
rElec  .         Reflect  .     (no cloak)
rCorr  .         Harm     .     (no gloves)
MR     .....                    (no boots)
Stlth  ++........               (no amulet)
                                (no ring)
                                (no ring)

@: no status effects
A: retaliatory headbutt, horns 2
a: no special abilities


You were on level 3 of the Dungeon.
You were not hungry.

You visited 1 branch of the dungeon, and saw 3 of its levels.

You collected 152 gold pieces.

Inventory:

Hand Weapons
 a - a +1 long sword of pain (weapon)
Armour
 b - a +0 robe (worn)
Scrolls
 e - 3 scrolls of identify {unknown}
 f - a scroll of fear {unknown}
 h - a scroll of fog {unknown}
 i - 3 scrolls of teleportation {unknown}
 j - 3 scrolls of remove curse {unknown}
 k - a scroll of magic mapping {unknown}
 n - a scroll of enchant weapon {unknown}
 q - a scroll of blinking {unknown}
 r - 2 scrolls of noise {unknown}
Potions
 d - a potion of resistance {unknown}
 g - 5 potions of haste {unknown}
 o - 2 potions of magic {unknown}
 p - 3 potions of might {unknown}
 u - a potion of flight {unknown}
Comestibles
 c - 2 bread rations
 l - 2 fruits
 m - 2 beef jerkies
 t - a royal jelly
 v - a meat ration


   Skills:
 - Level 3.6 Fighting
 + Level 4.9 Long Blades
 * Level 5.2 Dodging
 - Level 1.5 Stealth


You had 3 spell levels left.
You didn't know any spells.

Dungeon Overview and Level Annotations

Branches:
Dungeon (3/15)

Altars:
Gozag
Nemelex Xobeh
Sif Muna


Innate Abilities, Weirdness & Mutations

You reflexively headbutt those who attack you in melee.
You have a pair of horns on your head.


Message History

You are feeling hungry.
This raw flesh tastes terrible.
An ogre comes into view. It is wielding a giant club.
The ogre shouts!
A bat comes into view.
You completely miss the ogre. The ogre misses you.
You hit the ogre.
The ogre is lightly wounded.
The ogre barely misses you.
You hit the ogre. You headbutt the ogre.
The ogre is moderately wounded.
The ogre barely misses you.
You barely miss the ogre. You headbutt the ogre!
The ogre is severely wounded.
The ogre hits you with a giant club!!
Ouch! That really hurt!
There is a stone staircase leading down here.
The ogre hits you with a giant club!!
Ouch! That really hurt!
You die...

#.###.#≈≈≈.≈≈≈# ##.........
#.#####≈≈...≈≈######## #.........
#....##≈≈._.≈≈#......###.........
####..#≈≈...≈≈###.........#......
##..#≈≈≈≈≈≈≈#.#........)#......
##...##≈≈≈≈≈##..................
#.....#######.##................
#...........#..###...#.#.#......
#...........#..@##...#.#.#.#..##
#...............O..#.#.#.#.#..#
#........................#....#
###................#......##...#
.##................#......###.##
............#......##.........#
.#..........#.....###.>..###.##
.#.................##....##..#
...................##.#####..#


You could see an ogre.

Vanquished Creatures
  An orc wizard (D:3)
  An adder (D:3)
  3 worms
  2 dart slugs (D:3)
  10 orcs
  A ball python (D:2)
  2 giant cockroaches (D:1)
  8 goblins
  7 hobgoblins
  A quokka (D:2)
  6 bats
  A frilled lizard (D:3)
  5 kobolds
  9 rats
57 creatures vanquished.

Notes
Turn   | Place    | Note
-------+----------+-------------------------------------------
     0 | D:1      | Grinner the Minotaur Monk began the quest for the Orb.
     0 | D:1      | Reached XP level 1. HP: 19/19 MP: 0/0
   137 | D:1      | Reached XP level 2. HP: 22/26 MP: 1/1
   752 | D:1      | Reached skill level 4 in Dodging
  1167 | D:2      | Reached XP level 3. HP: 31/31 MP: 2/2
  1669 | D:2      | Found an opulent altar of Gozag.
  1670 | D:2      | Found a sparkling altar of Nemelex Xobeh.
  2083 | D:3      | Reached skill level 5 in Dodging
  2083 | D:3      | Reached XP level 4. HP: 22/39 MP: 3/3
  2386 | D:3      | Found a deep blue altar of Sif Muna.
  2672 | D:3      | Noticed an ogre
  2707 | D:3      | Slain by an ogre

Skill      XL: |  1  2  3 |
---------------+----------+-----
Long Blades    | 4 |  4.9
Dodging        | 4 5 |  5.2
Fighting       | |  3.6
Stealth        | |  1.5

Action                   |  1- 3 |  4- 6 || total
-------------------------+-------+-------++-------
Melee: Falchion          |    78 |    30 ||   108
       Headbutt          |    20 |    12 ||    32
       Long sword        |       |    12 ||    12
 Stab: Sleeping          |     2 |     1 ||     3
  Eat: Chunk             |     3 |     3 ||     6
Armor: Robe              |    12 |     3 ||    15
Dodge: Dodged            |    60 |    32 ||    92
       Rpst.: Falchion   |    14 |    10 ||    24
       Long sword        |       |     1 ||     1
